 Dungeon Crawl Stone Soup version 0.18.1-48-g4cf74bf (webtiles) character file.

81 Shelf the Poker (level 4, 8/33 HPs)
             Began as a Merfolk Skald on July 6, 2016.
             Quit the game on level 3 of the Dungeon.
             The game lasted 00:02:27 (2458 turns).

Shelf the Poker (Merfolk Skald)                     Turns: 2458, Time: 00:02:28

Health: 8/33       AC:  3    Str: 10 (12) XL:     4   Next: 42%
Magic:  7/7        EV: 13    Int: 11 (12) God:
Gold:   91         SH:  0    Dex: 13      Spells: 1 memorised, 6 levels left

rFire  . . .     SeeInvis .     a - +0 spear
rCold  . . .     Gourm    .     b - +0 leather armour
rNeg   . . .     Faith    .     (no shield)
rPois  .         Spirit   .     (no helmet)
rElec  .         Dismiss  .     (no cloak)
rCorr  .         Reflect  .     (no gloves)
SustAt .         Harm     .     (no boots)
MR     .....                    (no amulet)
Stlth  +.........               (no ring)
                                (no ring)

@: not resistant to hostile enchantments, very unstealthy
A: change form in water, swift swim
a: no special abilities


You were on level 3 of the Dungeon.
You were hungry.

You visited 1 branch of the dungeon, and saw 3 of its levels.

You collected 91 gold pieces.

Inventory:

Hand Weapons
 a - a +0 spear (weapon)
Armour
 b - a +0 leather armour (worn)
Scrolls
 e - a scroll of enchant weapon {unknown}
 g - a scroll of random uselessness {unknown}
 h - 3 scrolls of identify {unknown}
 j - a scroll of remove curse {unknown}
 k - a scroll of immolation {unknown}
Books
 c - a book of Battle

   Spells                             Type                      Level
   a - Infusion                       Charms                       1
   b - Shroud of Golubria             Charms/Translocation         2
   c - Song of Slaying                Charms                       2
   d - Spectral Weapon                Hexes/Charms                 3
   e - Regeneration                   Charms/Necromancy            3
Comestibles
 d - a bread ration
 f - a slice of pizza
 i - 5 fruits


   Skills:
 - Level 2.1 Fighting
 + Level 5.1 Polearms
 - Level 0.6 Armour
 + Level 3.8 Dodging
 - Level 2.0 Spellcasting
 - Level 3.2 Charms


You had 6 spell levels left.
You knew the following spells:

 Your Spells              Type           Power        Failure   Level  Hunger
a - Infusion              Chrm           #...         12%         1    ##.....


Dungeon Overview and Level Annotations

Branches:
Dungeon (3/15)

Altars:
Elyvilon
Qazlal


Message History

You are too injured to fight recklessly!
You are too injured to fight recklessly!
You hit the orc.
The orc is severely wounded.
The orc hits you but does no damage.
You barely miss the orc.
The orc is severely wounded.
The rat twitches its whiskers.
The orc hits you but does no damage.
You barely miss the orc. The orc barely misses you.
You hit the orc but do no damage. The orc misses you.
You closely miss the orc. The orc hits you with a club.
* * * LOW HITPOINT WARNING * * *
The hobgoblin barely misses you. The orc hits you with a club.
* * * LOW HITPOINT WARNING * * *
You hit the orc but do no damage.
The orc is severely wounded.
The orc barely misses you. The hobgoblin barely misses you.
Are you sure you want to abandon this character and quit the game? (Confirm with "yes".)

##########.....#
..........)....#
#...........#
#...........#
#.........[.#
#...........#
#...........#
#..........g#### #.#
#####
#.........ro@..# #.#
#...#
#.......#####o..##.#
#.#.# #.....^.#
#....#.#####.#.#
##......#
#...........<#.#
#......#
........####.#.#
#..###.#
#####..........#
#..#.#.#
#...#...####.#...
#..#.#.#
#.#.#.######.#)##
#..#...#
#.#.#........#..


You could see 2 orcs, a hobgoblin and a rat.

Vanquished Creatures
  A gnoll (D:1)
  3 adders (D:2)
  A worm (D:2)
  A dart slug (D:1)
  3 giant geckos
  2 orcs (D:3)
  8 goblins
  2 hobgoblins
  2 jackals (D:2)
  3 kobolds
  4 bats
  2 giant newts
  2 rats (D:1)
34 creatures vanquished.

Notes
Turn   | Place    | Note
--------------------------------------------------------------
     0 | D:1      | Shelf the Merfolk Skald began the quest for the Orb.
     0 | D:1      | Reached XP level 1. HP: 16/16 MP: 3/3
     8 | D:1      | Reached XP level 2. HP: 15/22 MP: 5/5
   418 | D:1      | Reached skill level 4 in Polearms
   418 | D:1      | Reached XP level 3. HP: 16/27 MP: 6/6
  1604 | D:2      | Found a white marble altar of Elyvilon.
  1604 | D:2      | Found a stormy altar of Qazlal.
  1873 | D:2      | Reached XP level 4. HP: 30/33 MP: 7/7
  2007 | D:2      | Reached skill level 5 in Polearms
  2458 | D:3      | Quit the game

Skill      XL: |  1  2  3  4 |
---------------+-------------+-----
Dodging        | 2 3 |  3.8
Polearms       | 4 5 |  5.1
Fighting       | |  2.1
Armour         | |  0.6
Spellcasting   | |  2.0
Charms         | |  3.2

Action                   |  1- 3 |  4- 6 || total
-------------------------+-------+-------++-------
Melee: Spear             |   153 |    54 ||   207
  Use: Potion            |     3 |       ||     3
 Stab: Sleeping          |     2 |       ||     2
  Eat: Chunk             |     3 |     1 ||     4
Armor: Leather armour    |    20 |     7 ||    27
Dodge: Dodged            |    66 |    29 ||    95
